cohdb
Replays
Latest Replays
All Replays
Popular Replays
Top Player Replays
Match Explorer
How It Works
Community
CoH3 Stats
Reddit
Sign in to upload your games and track your stats! →
Sign in with Steam
Match 45796225
Unlisted
Match 45796225
Overview
Messages
Build Orders
End
Engineer Squad
Selects Airborne Battlegroup
Selects Heavy Machine Gun Paradrop
Heavy Machine Gun Paradrop
Construct Barracks
Riflemen Squad
Riflemen Squad
Grenade Package
Mechanized Support Center
Selects Recon Loiter
Recon Loiter
Construct Motor Pool
Selects Supply Drop
Supply Drop
M8 Greyhound Armored Car
M1918 Browning Automatic Rifles
Recon Loiter
Riflemen Squad
M1 Anti-tank Gun Team
Construct Tank Depot
Designate Forward Repair Station
M4A1 Sherman Medium Tank
Supply Drop
Improvised Armor
M4A1 Sherman Medium Tank
Recon Loiter
Selects Carpet Bombing Run
Carpet Bombing Run
Esxile
DeSack'O'Potatoes
Jokerface
SeowMan
0
0
Comments
sign in to comment!
No comments posted yet!